 Dungeon Crawl Stone Soup version 0.26.0-10-g1f06aea511 (webtiles) character file.

Game seed: 7213370724548653223

365 Dirian the Slasher (level 6, -5/53 HPs)
             Began as a Minotaur Fighter on Jan 21, 2021.
             Killed by nerve-wracking pain
             ... invoked by Menkaure
              (13 damage)
             ... on level 4 of the Dungeon.
             The game lasted 00:04:44 (2579 turns).

Dirian the Slasher (Minotaur Fighter)               Turns: 2579, Time: 00:04:45

Health: -5/53      AC:  9    Str: 20    XL:     6   Next: 40%
Magic:  5/5        EV:  6    Int:  5    God:
Gold:   169        SH: 11    Dex: 12    Spells: 5/5 levels left

rFire    . . .     SeeInvis .   a - +0 long sword
rCold    + . .     Faith    .   c - +1 kite shield
rNeg     . . .     Spirit   .   l - +0 chain mail
rPois    +         Reflect  .   (helmet restricted)
rElec    .         Harm     .   (no cloak)
rCorr    .         Rampage  .   (no gloves)
Will     .....                  (no boots)
Stlth    ..........             e - amulet of regeneration
HPRegen  0.57/turn              g - ring of poison resistance
MPRegen  0.09/turn              s - ring of protection from cold

@: no status effects
A: retaliatory headbutt, horns 2
a: no special abilities


You were on level 4 of the Dungeon.
You visited 1 branch of the dungeon, and saw 4 of its levels.

You collected 169 gold pieces.

Inventory:

Hand Weapons
 a - a +0 long sword (weapon)
Armour
 c - a +1 kite shield (worn)
 l - a +0 chain mail (worn)
Jewellery
 e - an amulet of regeneration (around neck)
 g - a ring of poison resistance (left hand)
 s - a ring of protection from cold (right hand)
Scrolls
 b - a scroll of amnesia {unknown}
 x - 4 scrolls of remove curse
Potions
 k - a potion of magic
 n - a potion of flight
 o - a potion of lignification
 p - a potion of resistance {unknown}
 q - 4 potions of curing
 u - a potion of mutation {unknown}
 w - a potion of heal wounds


   Skills:
 + Level 4.4 Fighting
 + Level 5.6 Long Blades
 + Level 5.0 Armour
 * Level 1.6 Dodging
 - Level 5.0 Shields
 * Level 0.2 Evocations


You had 5 spell levels left.
You didn't know any spells.
Your spell library was empty.

Dungeon Overview and Level Annotations

Branches:
Dungeon (4/15)
 Temple: D:4-7

Altars:
Sif Muna

Shops:
D:4 =

Annotations:
D:4 Menkaure


Innate Abilities, Weirdness & Mutations

You reflexively headbutt those who attack you in melee.
You have a pair of horns on your head.


Message History

Your body is wracked with pain!
You are too injured to fight recklessly!
You are too injured to fight recklessly!
You barely miss Menkaure.
Menkaure is heavily damaged.
You block Menkaure's attack.
You barely miss Menkaure. You headbutt Menkaure.
Menkaure is severely damaged.
Menkaure hits you!
Menkaure gestures at you while chanting.
Pain shoots through your body!
* * * LOW HITPOINT WARNING * * *
You hit Menkaure but do no damage.
Menkaure is severely damaged.
You block Menkaure's attack.
You hit Menkaure. Your headbutt misses Menkaure.
Menkaure is severely damaged.
Menkaure points at you and mumbles some strange words.
Pain shoots through your body!
You die...

#.........#
#.........#
####.........##
#............>#
#.##...>....#
#.##........#
#.##.†..<...#
#.#...##.#####.#..
#......#..@M.....#
#.#..(########...#
#.##..####### #
##### #.###........
....###.###..#####.
##...##.........##
..###.####.........
#.# #..# #.#.######
..###..# #.#.###


You could see Menkaure (fast).

Vanquished Creatures
  Sigmund (D:2)
  9 adders
  A white imp (D:4)
  2 oozes (D:2)
  2 worms
  2 dart slugs (D:2)
  5 leopard geckos
  13 bats
  3 giant cockroaches
  9 goblins
  9 hobgoblins
  10 jackals (D:1)
  A quokka (D:2)
  5 ball pythons (D:3)
  2 frilled lizards (D:2)
  6 kobolds
  A quokka skeleton (D:4)
  13 rats
94 creatures vanquished.

Notes
Turn   | Place    | Note
-------+----------+-------------------------------------------
     0 | D:1      | Dirian the Minotaur Fighter began the quest for the Orb.
     0 | D:1      | Reached XP level 1. HP: 19/19 MP: 0/0
   109 | D:1      | Reached XP level 2. HP: 14/27 MP: 1/1
   429 | D:1      | Reached XP level 3. HP: 33/33 MP: 2/2
  1226 | D:2      | Reached XP level 4. HP: 37/40 MP: 3/3
  1360 | D:2      | Noticed Sigmund
  1367 | D:2      | Killed Sigmund
  1368 | D:2      | Reached skill level 5 in Long Blades
  1368 | D:2      | Reached skill level 1 in Dodging
  1368 | D:2      | Reached XP level 5. HP: 42/47 MP: 4/4
  1562 | D:2      | Reached XP level 6. HP: 52/53 MP: 5/5
  1712 | D:2      | Found a shimmering blue altar of Sif Muna.
  1900 | D:3      | Reached skill level 5 in Shields
  2493 | D:4      | Found Piocy's Jewellery Shoppe.
  2554 | D:4      | Reached skill level 5 in Armour
  2567 | D:4      | Noticed Menkaure
  2579 | D:4      | Killed from afar by Menkaure

Illustrated notes

Levels and vault maps discovered:
D:1:      sevenhm_arrival_forest_fort_large_2, layout_basic, st_stairs_4,
          minmay_small_reverse_x
D:2:      layout_rooms, lemuel_blue_sif_altar, minmay_hexomino_p4, uniq_sigmund
D:3:      layout_basic, minmay_snake_closets
D:4:      layout_loops_ring, serial_shops, shop_statue, minmay_shop_damaged,
          uniq_blork_the_orc, uniq_crazy_yiuf_cottage, uniq_menkaure

Skill      XL: |  1  2  3  4  5  6 |
---------------+-------------------+-----
Armour         | 4 5 |  5.0
Shields        | 4 5 |  5.0
Fighting       | 4 |  4.4
Long Blades    | 3 5 |  5.6
Dodging        | 1 |  1.6
Evocations     | |  0.2

Action                   |  1- 3 |  4- 6 || total
-------------------------+-------+-------++-------
Melee: Long sword        |    90 |   119 ||   209
       Headbutt          |    11 |    25 ||    36
  Use: Potion            |       |     1 ||     1
       Scroll            |       |    11 ||    11
Armor: Scale mail        |    35 |    24 ||    59
       Chain mail        |       |     5 ||     5
Dodge: Dodged            |    20 |    44 ||    64
Block: Kite shield       |    45 |    60 ||   105
       Rpst.: Long sword |     8 |     9 ||    17
